AoeStats
← RagnarLothbrok

Oasis

509330771Analyzed
4v4 RM · 5d ago on Sep 26, 2026· 23m 23s· 8 players
Game mode
Random Map
Map size
Large (8 player)
Population
200
Speed
Normal
Resources
Standard
Victory
Conquest
Starting age
Dark Age
Ending age
Imperial Age
RankedLock teamsTeams togetherTeam positionsShared explorationLock speedFull tech treeHidden civsTurbo modeCheats
Victory
Defeat
🇭🇰 Khmer · Hong Kong SAR China
1364
+15
🇪🇸 Lithuanians · Spain
1355
+16
🇻🇪 Lithuanians · Venezuela
1345
+16
🇹🇼 Varangians · Taiwan
1331
+17
🇩🇪 Poles · Germany
1482
-22
🇲🇽 Aztecs · Mexico
1358
-16
🇩🇪 Portuguese · Germany
1291
-14
🇫🇷 Goths · France
1254
-12
[TAIDA]宋楚魚
4:40 Loom
12:00 Feudal Age
15:46 Castle Age
13:34 Double-Bit Axe
15:34 Horse Collar
15:58 Arson
19:15 Squires
20:03 Scale Mail Armor
22:04 Forging
RagnarLothbrok
6:56 Loom
8:43 Feudal Age
9:48 Double-Bit Axe
15:13 Bloodlines
17:08 Wheelbarrow
17:26 Scale Barding Armor
17:31 Forging
23:03 Castle Age
21:12 Gold Mining
22:36 Horse Collar
虫
10:08 Feudal Age
8:55 Loom
11:23 Double-Bit Axe
14:29 Gold Mining
16:38 Wheelbarrow
17:18 Padded Archer Armor
17:08 Fletching
17:34 Loom
18:48 Horse Collar
23:43 Castle Age
23:29 Stone Mining
Mzackk
10:53 Feudal Age
10:40 Loom
15:44 Castle Age
14:23 Horse Collar
15:51 Scale Barding Armor
19:19 Forging
19:23 Fervor
21:13 Husbandry
IiLeo M
7:22 Loom
10:30 Feudal Age
11:25 Double-Bit Axe
12:27 Town Watch
19:10 Fletching
Skipper
8:39 Loom
10:46 Feudal Age
15:05 Castle Age
13:41 Double-Bit Axe
14:09 Horse Collar
16:35 Bow Saw
16:37 Heavy Plow
20:08 Wheelbarrow
Leillow23
0:43 Loom
10:58 Feudal Age
15:55 Castle Age
14:12 Double-Bit Axe
14:37 Horse Collar
15:38 Wheelbarrow
19:05 Bow Saw
20:02 Hand Cart
20:02 Heavy Plow
Der_Schaft
1:40 Loom
11:30 Feudal Age
15:42 Double-Bit Axe
18:04 Castle Age
16:38 Horse Collar
19:38 Bow Saw
19:35 Heavy Plow
Connection lost

Rejoining the realm…

Still unreachable

The connection could not be restored.

Session expired

The server has moved on; the page needs a fresh start.